 Dungeon Crawl Stone Soup version 0.28.0-45-g0d030f2227 (webtiles) character file.

Game seed: 17631970293319164631

585 FuzzyBison the Caller (level 7, 0/36 HPs)
             Began as a Tengu Summoner on Apr 15, 2022.
             Was an Initiate of Ashenzari.
             Shot with an arrow by a centaur (8 damage)
             ... on level 6 of the Dungeon.
             The game lasted 00:23:23 (3559 turns).

FuzzyBison the Caller (Tengu Summoner)              Turns: 3559, Time: 00:23:23

Health: 0/36       AC:  5    Str: 10    XL:     7   Next: 37%
Magic:  13/14      EV: 16    Int: 15    God:    Ashenzari [......]
Gold:   189        SH:  0    Dex: 15    Spells: 5/14 levels left

rFire   + . .      SeeInvis .   l - +0 spear
rCold   . . .      Faith    .   (no shield)
rNeg    . . .      Spirit   .   a - +0 robe
rPois   .          Reflect  .   (helmet restricted)
rElec   .          Harm     .   (no cloak)
rCorr   .          Rampage  .   g - +2 pair of gloves
Will    .....                   (boots unavailable)
Stlth   +++.......              m - amulet of magic regeneration
HPRegen 0.12/turn               o - ring of protection from fire
MPRegen 0.54/turn               (no ring)

@: flying quickly and evasively, quick
A: beak, talons 3, nimble flight
a: Renounce Religion


You were on level 6 of the Dungeon.
You worshipped Ashenzari.
Ashenzari was noncommittal.
You visited 1 branch of the dungeon, and saw 5 of its levels.

You collected 189 gold pieces.

Inventory:

Hand Weapons
 e - a +0 whip
 k - a +0 hand axe of freezing
 l - a +0 spear (weapon)
Missiles
 f - 84 stones
Armour
 a - a +0 robe (worn)
 g - a +2 pair of gloves (worn)
Jewellery
 h - an amulet of guardian spirit
 m - an amulet of magic regeneration (around neck)
 o - a ring of protection from fire (left hand)
 s - a ring of see invisible
Wands
 q - a wand of digging (2)
Scrolls
 j - a scroll of torment {unknown}
 p - a scroll of teleportation {unknown}
 r - 2 scrolls of identify
 t - a scroll of immolation {unknown}
 u - a scroll of enchant weapon {unknown}
Potions
 b - a potion of invisibility {unknown}
 c - 2 potions of brilliance
 d - 2 potions of resistance
 i - a potion of ambrosia {unknown}
 n - 3 potions of curing {unknown}


   Skills:
 + Level 4.6 Dodging
 + Level 4.6 Stealth
 + Level 4.0 Spellcasting
 + Level 6.6 Summonings


You had 5 spell levels left.
You knew the following spells:

 Your Spells              Type           Power      Damage    Failure   Level
a - Summon Small Mammal   Summ           88%        N/A       1%          1
b - Call Imp              Summ           22%        N/A       1%          2
c - Call Canine Familiar  Summ           22%        N/A       3%          3
d - Summon Guardian Gole  Hex/Summ       12%        N/A       14%         3

Your spell library contained the following spells:

 Spells                   Type           Power      Damage    Failure   Level
 Summon Lightning Spire   Summ/Air       12%        N/A       43%         4


Dungeon Overview and Level Annotations

Branches:
Dungeon (6/15)
 Temple: D:4-7

Altars:
Ashenzari
Qazlal


Innate Abilities, Weirdness & Mutations

You have a beak for a mouth.
You have claws for feet.
Your magical nature lets you fly swiftly and evasively.


Message History

A centaur comes into view.
The centaur shouts!
There is an open door here.
Reach: l) +0 spear
Press: ? - help, Dir - move target, f/p - necrophage
Aim: a necrophage (ally target, about 40% to evade your +0 spear)
You could not reach far enough!
The centaur wields a +0 shortbow.
The centaur shoots an arrow.
The arrow barely misses you.
Your crimson imp hits the necrophage but does no damage.
Your hound bites the necrophage.
The necrophage hits your crimson imp.
The centaur shoots an arrow.
The arrow hits you!
Your crimson imp hits the necrophage.
Reach: l) +0 spear
Press: ? - help, Dir - move target, f/p - necrophage
Aim: a necrophage (lightly damaged, ally target, about 40% to evade your +0 spear)
You reach to attack!
You closely miss the necrophage.
The necrophage is lightly damaged.
Your hound bites the necrophage.
The centaur shoots an arrow.
The arrow hits you.
Your hound bites the necrophage.
The necrophage closely misses your crimson imp.
Your crimson imp hits the necrophage but does no damage.
Reach: l) +0 spear
Press: ? - help, Dir - move target, f/p - necrophage
Aim: a necrophage (heavily damaged, ally target, about 40% to evade your +0 spear)
Okay, then.
Casting: Call Imp (safe; 1% risk of failure)
Confirm with . or Enter, or press ? or * to list all spells.
The centaur shoots an arrow.
The arrow hits you.
Your hound bites the necrophage.
The necrophage hits your hound but does no damage.
The centaur shoots an arrow.
The arrow hits you!
* * * LOW HITPOINT WARNING * * *
Your crimson imp closely misses the necrophage.
You swap places.
Casting: Summon Small Mammal (safe; 1% risk of failure)
Confirm with . or Enter, or press ? or * to list all spells.
The centaur shoots an arrow.
The arrow barely misses your crimson imp.
The arrow hits you!
You die...

#########################
.......#......#...#......
.......#......#...#......
.c..hn.#......#...#......
.......#@b....#...#......
...c...5r.....')..#......
#.######...####...##.....
########...#####'#
#..ยง..##.....
#............
#............
#............
#.....##.....


You could see a centaur, a friendly crimson imp (summoned), a friendly quokka
(summoned) and a friendly bat (summoned).

Vanquished Creatures
  A necrophage (D:5)
  A scorpion (D:6)
  A hound (D:6)
  A bullfrog skeleton (D:5)
  A centaur skeleton (D:3)
  A jelly (D:5)
  An iguana (D:6)
  An adder (D:5)
  An endoplasm (D:2)
  4 giant cockroaches
  A goblin (D:2)
  3 hobgoblins
  2 kobolds
  3 quokkas (D:1)
  A ball python (D:1)
  A bat (D:1)
  2 rats (D:1)
26 creatures vanquished.

Vanquished Creatures (collateral kills)
  Menkaure (D:5)
  A water moccasin zombie (D:6)
  A killer bee zombie (D:6)
  A hound skeleton (D:5)
  3 adders
  2 worms (D:3)
  An endoplasm (D:1)
  2 giant cockroaches
  2 goblins (D:2)
  5 hobgoblins
  2 jackals (D:1)
  4 quokkas
  A ball python (D:1)
  2 bats
  2 frilled lizards
  A kobold (D:1)
  3 rats
34 creatures vanquished.

Grand Total: 60 creatures vanquished

Notes
Turn   | Place    | Note
-------+----------+-------------------------------------------
     0 | D:1      | FuzzyBison the Tengu Summoner began the quest for the Orb.
     0 | D:1      | Reached XP level 1. HP: 10/10 MP: 4/4
   113 | D:1      | Reached XP level 2. HP: 2/15 MP: 6/6
   560 | D:1      | Learned a level 2 spell: Call Imp
   565 | D:1      | Reached skill level 5 in Summonings
  1157 | D:1      | Reached XP level 3. HP: 19/19 MP: 2/7
  1686 | D:2      | Learned a level 3 spell: Call Canine Familiar
  1855 | D:2      | Reached XP level 4. HP: 24/24 MP: 8/8
  2341 | D:3      | You fall into a shaft and drop 2 floors!
  2341 | D:5      | Entered Level 5 of the Dungeon
  2341 | D:5      | Noticed Menkaure
  2342 | D:5      | Noticed a necrophage
  2364 | D:5      | Gained mutation: Your magical nature lets you fly swiftly
                  | and evasively. [Tengu growth]
  2364 | D:5      | Reached XP level 5. HP: 21/28 MP: 10/10
  2412 | D:5      | Killed Menkaure
  2413 | D:5      | Reached skill level 6 in Summonings
  2413 | D:5      | Reached XP level 6. HP: 6/32 MP: 9/11
  2467 | D:5      | Killed a necrophage
  2825 | D:5      | Found a broken altar of Ashenzari.
  2834 | D:5      | Became a worshipper of Ashenzari the Shackled
  2980 | D:5      | Found a stormy altar of Qazlal.
  3303 | D:6      | Learned a level 3 spell: Summon Guardian Golem
  3456 | D:6      | Reached XP level 7. HP: 36/36 MP: 13/13
  3559 | D:6      | Shot with an arrow by a centaur

Illustrated notes

Levels and vault maps discovered:
D:1:      ncdulo_smallfort, layout_loops_corners, grunt_decor_resistance,
          minmay_heptomino_l4
D:2:      layout_rooms, chequers_serial_rivers_micro_a,
          hangedman_decor_slide_cut, corexii_item_surrounded_by_moat
D:3:      layout_loops_ring, mainiacjoe_overflow_surrounded_room,
          uniq_crazy_yiuf_cottage
D:5:      layout_loops_ring, ashenzari_altar_1, nicolae_overflow_crystal_walls,
          uniq_menkaure
D:6:      layout_gridville, minmay_temple_entry_mini_moons

Skill      XL: |  1  2  3  4  5  6  7 |
---------------+----------------------+-----
Summonings     | 5 6 |  6.6
Dodging        | 3 4 |  4.6
Stealth        | 3 4 |  4.6
Spellcasting   | 3 4 |  4.0

Action                   |  1- 3 |  4- 6 |  7- 9 || total
-------------------------+-------+-------+-------++-------
Melee: Unarmed           |    30 |       |       ||    30
       Kick              |    12 |    10 |     2 ||    24
       Peck              |     5 |     6 |       ||    11
       Punch             |     2 |     2 |       ||     4
       Whip              |    20 |       |       ||    20
       Hand axe          |     3 |       |       ||     3
       Spear             |    16 |    63 |     8 ||    87
 Cast: Summon Small Mamm |    31 |    30 |     6 ||    67
       Call Imp          |    12 |    18 |     2 ||    32
       Call Canine Famil |       |     1 |     2 ||     3
  Use: Scroll            |     2 |       |       ||     2
Armor: Robe              |    18 |     9 |       ||    27
Dodge: Dodged            |    36 |    37 |     3 ||    76
